 Dungeon Crawl Stone Soup version 0.28.0-1-gb440e238dd (webtiles) character file.

Game seed: 16126746342336975050

10261 pkoi the Martial Artist (level 11, -1/89 HPs)
             Began as a Black Draconian Monk on Feb 25, 2022.
             Was a High Priest of Okawaru.
             Slain by an eight-headed hydra (2 damage)
             ... on level 1 of the Lair of Beasts.
             The game lasted 00:14:46 (16006 turns).

pkoi the Martial Artist (Black Draconian Monk)     Turns: 16006, Time: 00:14:48

Health: -1/89      AC:  8    Str: 13    XL:     11   Next: 33%
Magic:  15/17      EV: 17    Int: 15    God:    Okawaru [*****.]
Gold:   648        SH:  0    Dex: 14    Spells: 10/10 levels left

rFire   . . .      SeeInvis .     - Unarmed
rCold   . . .      Faith    .   (no shield)
rNeg    . . .      Spirit   .   (armour unavailable)
rPois   .          Reflect  .   (helmet restricted)
rElec   +          Harm     .   d - +0 cloak
rCorr   .          Rampage  .   (no gloves)
Will    .....                   (no boots)
Stlth   +++.......              (no amulet)
HPRegen 0.24/turn               (no ring)
MPRegen 0.15/turn               (no ring)

@: heroic
A: breathe lightning, AC +7, unfitting armour, electricity resistance,
cold-blooded
a: Breathe Lightning, Renounce Religion, Heroism, Finesse, Duel


You were on level 1 of the Lair of Beasts.
You worshipped Okawaru.
Okawaru was extremely pleased with you.
You visited 3 branches of the dungeon, and saw 13 of its levels.

You collected 648 gold pieces.

Inventory:

Hand Weapons
 b - the +9 hand crossbow of the Ancient Portals {flame, rF++ rCorr Dex-4 SInv}
   (You acquired it on level 4 of the Dungeon)

   Any ammunition fired from it burns those it strikes, dealing additional fire
   damage.
   Dex:       It affects your dexterity (-4).
   rF:        It greatly protects you from fire.
   SInv:      It lets you see invisible.
   rCorr:     It protects you from acid and corrosion.
 Z - a +6 dagger of flaming
Missiles
 e - 121 bolts
 u - 4 curare-tipped darts (quivered)
Armour
 d - a +0 cloak (worn)
Magical Staves
 v - a staff of earth
Jewellery
 c - a +4 ring of evasion
 j - an amulet of regeneration
 l - a +4 ring of protection
 m - a ring of protection from fire
 t - a ring of protection from fire
 H - a ring of wizardry
Wands
 n - a wand of mindburst (6)
 w - a wand of polymorph (5)
 y - a wand of flame (10)
 C - a wand of acid (12)
 G - a wand of digging (9)
Scrolls
 g - 4 scrolls of identify
 r - a scroll of fog
 x - a scroll of fear
 E - a scroll of blinking
 F - 4 scrolls of teleportation
Potions
 a - 2 potions of flight
 f - a potion of mutation {unknown}
 h - a potion of berserk rage
 i - 3 potions of magic
 k - a potion of might {unknown}
 o - 2 potions of heal wounds
 p - 2 potions of brilliance
 q - 3 potions of haste
 s - 2 potions of ambrosia
 z - a potion of resistance
 A - a potion of cancellation {unknown}
 B - 2 potions of invisibility
 D - 3 potions of curing


   Skills:
 - Level 6.0(11.0) Fighting
 - Level 6.0(11.0) Crossbows
 - Level 6.0(11.0) Dodging
 - Level 1.7(6.7) Stealth
 * Level 13.3(18.3) Unarmed Combat
 + Level 8.0 Invocations


You had 10 spell levels left.
You didn't know any spells.
Your spell library contained the following spells:

 Spells                   Type           Power      Damage    Failure   Level
 Beastly Appendage        Tmut           0%         N/A       26%         1
 Corpse Rot               Necr/Air       0%         N/A       38%         2
 Poisonous Vapours        Pois/Air       0%         N/A       38%         2
 Spider Form              Tmut/Pois      0%         N/A       63%         3
 Summon Small Mammal      Summ           Unusable   N/A       N/A         1
 Call Canine Familiar     Summ           Unusable   N/A       N/A         3

Dungeon Overview and Level Annotations

Branches:
Dungeon (11/15)            Temple (1/1) D:5            Lair (1/6) D:8
    Orc (0/2) D:9

Altars:
Cheibriados
Dithmenos
Elyvilon
Fedhas
Gozag
Hepliaklqana
Kikubaaqudgha
Makhleb
Nemelex Xobeh
Okawaru
Qazlal
Ru
Sif Muna
Trog
Uskayaw
Vehumet
Wu Jian
Xom
Yredelemnul
Zin
The Shining One

Shops:
D:2 (

Annotations:
D:3 1 runed translucent door, Crazy Yiuf
D:6 2 transporters, indyram44's ghost, novice MiDe


Innate Abilities, Weirdness & Mutations

You can breathe wild blasts of lightning.
Your glossy black scales are hard. (AC +7)
You cannot fit into any form of body armour.
You are resistant to electric shocks. (rElec)
You are cold-blooded and may be slowed by cold attacks.


Message History

The eight-headed hydra is moderately wounded.
You shoot a bolt. The bolt hits the eight-headed hydra.
The bolt burns the eight-headed hydra.
The eight-headed hydra is heavily wounded.
The eight-headed hydra closely misses you.
The eight-headed hydra barely misses you.
The eight-headed hydra bites you. The eight-headed hydra bites you!
The eight-headed hydra bites you.
The eight-headed hydra barely misses you.
The eight-headed hydra bites you but does no damage.
The eight-headed hydra closely misses you.
The +9 hand crossbow of the Ancient Portals {flame, rF++ rCorr Dex-4 SInv} stops flaming.
You are now empty-handed.
You gain the combat prowess of a mighty hero.
The eight-headed hydra bites you.
* * * LOW HITPOINT WARNING * * *
The eight-headed hydra barely misses you.
The eight-headed hydra bites you!
* * * LOW HITPOINT WARNING * * *
The eight-headed hydra closely misses you.
The eight-headed hydra bites you!
* * * LOW HITPOINT WARNING * * *
The eight-headed hydra bites you.
* * * LOW HITPOINT WARNING * * *
The eight-headed hydra bites you.
* * * LOW HITPOINT WARNING * * *
The eight-headed hydra misses you.
You hit the eight-headed hydra.
The eight-headed hydra is heavily wounded.
The eight-headed hydra bites you!
* * * LOW HITPOINT WARNING * * *
The eight-headed hydra bites you!
* * * LOW HITPOINT WARNING * * *
The eight-headed hydra completely misses you.
The eight-headed hydra bites you!
* * * LOW HITPOINT WARNING * * *
The eight-headed hydra bites you!
* * * LOW HITPOINT WARNING * * *
The eight-headed hydra bites you.
You die...

... .##... ##..####
....##.
###......##.#..#..
#######................
.....................P#
.....................#
....................#
....................#
...^...@...........#
......D............###
.....(.....##........###
....(......####........#
...(.......# #........#
...#.#....## ##........
.(.####..## ##P...... (.
...# ##...... ##.....


You could see an eight-headed hydra.

Vanquished Creatures
  An oklob plant (D:10)
  A cyclops (D:11)
  A gargoyle (D:10)
  2 cane toads (Lair:1)
  2 komodo dragons
  2 trolls (D:10)
  Grinder (D:6)
  A hornet (D:9)
  A meliai zombie (D:11)
  11 yaks
  A wyvern (D:7)
  7 water moccasins
  3 ice beasts
  A necrophage (D:6)
  An ogre (D:6)
  A phantom (D:4)
  5 centaurs
  5 bullfrogs
  A gnoll sergeant (D:9)
  5 scorpions
  A wyvern skeleton (D:6)
  An oklob sapling (D:10)
  10 wights (D:9)
  5 killer bees (D:8)
  A bullfrog zombie (D:6)
  A hound (D:5)
  7 centaur zombies
  A jelly (D:7)
  A gnoll shaman (D:9)
  6 orc priests
  A bullfrog skeleton (D:7)
  6 iguanas
  A scorpion zombie (D:5)
  5 orc wizards
  A killer bee zombie (D:8)
  Robin (D:2)
  A howler monkey zombie (D:8)
  7 gnolls
  2 howler monkey skeletons (D:5)
  12 adders
  A shadow imp (D:5)
  2 white imps
  An ufetubus (D:7)
  3 worms
  2 dart slugs
  19 orcs
  13 ball pythons
  5 endoplasms
  3 giant cockroaches
  12 goblins
  6 hobgoblins
  A jackal (D:10)
  6 kobolds
  5 quokkas
  2 bats
  2 frilled lizards
  9 rats
216 creatures vanquished.

Vanquished Creatures (others)
  A fungus (Lair:1)
  9 plants
  8 withered plants (D:9)
18 creatures vanquished.

Grand Total: 234 creatures vanquished

Notes
Turn   | Place    | Note
-------+----------+-------------------------------------------
     0 | D:1      | pkoi the Draconian Monk began the quest for the Orb.
     0 | D:1      | Reached XP level 1. HP: 19/19 MP: 1/1
   104 | D:1      | Found a faded altar of an unknown god.
   326 | D:1      | Reached XP level 2. HP: 21/26 MP: 2/2
  1017 | D:2      | Noticed Robin
  1031 | D:1      | Reached skill level 4 in Unarmed Combat
  1312 | D:1      | Reached XP level 3. HP: 22/31 MP: 3/3
  1429 | D:2      | Killed Robin
  1896 | D:2      | Reached XP level 4. HP: 33/38 MP: 4/4
  1978 | D:2      | Reached skill level 5 in Unarmed Combat
  2014 | D:2      | Found Buosupe's Weapon Shoppe.
  2482 | D:3      | Found a runed translucent door.
  2483 | D:3      | Noticed Crazy Yiuf
  2743 | D:3      | Found a bloodstained altar of Trog.
  3134 | D:4      | Noticed a scorpion
  3140 | D:4      | Killed a scorpion
  3141 | D:4      | Reached skill level 6 in Unarmed Combat
  3141 | D:4      | Reached XP level 5. HP: 45/45 MP: 5/5
  3179 | D:4      | Noticed a phantom
  3258 | D:4      | Reached XP level 6. HP: 8/51 MP: 6/6
  3518 | D:4      | Identified a scroll of acquirement
  3518 | D:4      | Acquired the +9 hand crossbow of the Ancient Portals
                  | {flame, rF++ rCorr Dex-4 SInv}
  3536 | D:4      | Found a glowing golden altar of the Shining One.
  3771 | D:4      | Reached skill level 7 in Unarmed Combat
  4118 | D:5      | Entered Level 5 of the Dungeon
  4128 | D:5      | Found an ornate altar of the Wu Jian Council.
  4217 | D:5      | Your scales start taking on a glossy black colour.
  4217 | D:5      | Reached XP level 7. HP: 59/59 MP: 7/7
  4217 | D:5      | Gained mutation: You are resistant to electric shocks.
                  | (rElec) [Black Draconian growth]
  4346 | D:5      | Found an iron altar of Okawaru.
  4349 | D:5      | Became a worshipper of Warmaster Okawaru
  4349 | D:5      | Reached * piety under Okawaru
  4349 | D:5      | Reached ** piety under Okawaru
  4401 | D:5      | Found a staircase to the Ecumenical Temple.
  5003 | D:6      | Noticed a hornet
  5007 | D:6      | Found a transporter.
  5008 | D:6      | Noticed indyram44's ghost (novice MiDe)
  5010 | D:6      | Reached skill level 1 in Crossbows
  5024 | D:6      | Found a transporter.
  5030 | D:6      | Noticed a queen bee
  5310 | D:6      | Reached skill level 8 in Unarmed Combat
  5339 | D:6      | Noticed Grinder
  5346 | D:6      | Killed Grinder
  5346 | D:6      | Reached *** piety under Okawaru
  5347 | D:6      | Reached skill level 5 in Fighting
  5347 | D:6      | Reached XP level 8. HP: 68/68 MP: 8/8
  5633 | D:6      | Found a glowing silver altar of Zin.
  5935 | D:7      | Reached skill level 1 in Invocations
  6058 | D:7      | Reached skill level 9 in Unarmed Combat
  6894 | D:8      | Reached skill level 5 in Dodging
  6894 | D:8      | Reached XP level 9. HP: 75/75 MP: 10/10
  6982 | D:8      | Found a sparkling altar of Nemelex Xobeh.
  7402 | D:8      | Found a staircase to the Lair.
  7416 | D:8      | Received a gift from Okawaru
  7904 | D:8      | Found a hazy altar of Hepliaklqana.
  8116 | Temple   | Entered the Ecumenical Temple
  8851 | D:8      | Reached skill level 10 in Unarmed Combat
  9087 | D:8      | Reached **** piety under Okawaru
  9204 | D:9      | Received a gift from Okawaru
  9800 | D:9      | Reached XP level 10. HP: 77/83 MP: 13/13
 10192 | D:8      | Reached skill level 5 in Crossbows
 10192 | D:8      | Reached skill level 5 in Invocations
 10200 | D:8      | Reached skill level 11 in Unarmed Combat
 10421 | D:9      | Found a blossoming altar of Fedhas.
 10421 | D:9      | Found an ancient bone altar of Kikubaaqudgha.
 10614 | D:9      | Found a staircase to the Orcish Mines.
 10671 | D:9      | Found a shimmering altar of Xom.
 10820 | D:10     | Entered Level 10 of the Dungeon
 10844 | D:10     | Reached ***** piety under Okawaru
 10919 | D:10     | Found a shadowy altar of Dithmenos.
 11426 | D:10     | Noticed a gargoyle
 11453 | D:10     | Killed a gargoyle
 12167 | D:10     | Found a stormy altar of Qazlal.
 12185 | D:10     | Noticed an oklob plant
 12404 | D:10     | Killed an oklob plant
 12682 | D:10     | Received a gift from Okawaru
 12955 | D:10     | Reached skill level 12 in Unarmed Combat
 13233 | D:10     | Got the Almanac of Nature
 13996 | D:11     | Reached XP level 11. HP: 70/89 MP: 16/16
 14373 | D:11     | Received a gift from Okawaru
 15197 | Lair:1   | Entered Level 1 of the Lair of Beasts
 15463 | Lair:1   | Reached skill level 13 in Unarmed Combat
 15998 | Lair:1   | Noticed an eight-headed hydra
 16006 | Lair:1   | HP: 1/89 [eight-headed hydra (8)]
 16006 | Lair:1   | Slain by an eight-headed hydra

Illustrated notes

Levels and vault maps discovered:
D:1:      roderic_chinese_lattice_arrival, layout_loops_ring,
          chequers_ecumenical_altar_simple
D:2:      layout_loops_ring, serial_shops, nicolae_shop_stone, uniq_robin
D:3:      layout_basic, lemuel_tele_altar, uniq_crazy_yiuf_cottage
D:4:      layout_rooms, mainiacjoe_overflow_24_doors, enter_ossuary_3
D:5:      layout_basic, kennysheep_mini_moat, nicolae_wu_jian_wuxing_cycle,
          minmay_temple_entry_sparse_star
D:6:      layout_basic, zin_scriptorium, gammafunk_ghost_hive, uniq_grinder
D:7:      layout_gridville, kennysheep_decorative_pillar
D:8:      layout_loops_ring, nicolae_hepliaklqana_hippocampus,
          lemuel_crystal_altar, nicolae_overflow_hidden_temple,
          lair_entry_dummy, chequers_serial_rivers_room_b
D:9:      layout_rooms, grunt_temple_overflow_growth_and_decay,
          kennysheep_little_box, orc_0_dummy
D:10:     layout_loops_ring, overflow_temple_1_default, kennysheep_mini,
          enter_bailey_2, introduction_to_nature_1
D:11:     layout_basic
Temple:   compressed_dpeg_triangle_lava_temple
Lair:1:   layout_layer_cave, grunt_megastairs_1

Skill      XL: |  1  2  3  4  5  6  7  8  9 10 11 |
---------------+----------------------------------+-----
Unarmed Combat | 4 6 7 8 9 10 12 13 | 13.3
Dodging        | 3 4 5 6 |  6.0
Fighting       | 4 5 6 |  6.0
Crossbows      | 2 3 4 6 |  6.0
Invocations    | 2 4 7 8 |  8.0
Stealth        | |  1.7

Action                   |  1- 3 |  4- 6 |  7- 9 | 10-12 || total
-------------------------+-------+-------+-------+-------++-------
Melee: Unarmed           |    81 |       |    58 |    96 ||   235
       Tailslap          |    18 |    16 |    10 |    15 ||    59
       Punch             |     4 |     3 |     8 |    14 ||    29
       Dagger            |    35 |    99 |       |       ||   134
 Fire: Hand crossbow     |       |    29 |   148 |   177 ||   354
Invok: Heroism           |       |       |     1 |     5 ||     6
       Finesse           |       |       |       |     2 ||     2
 Abil: Breathe Lightning |       |       |     1 |     1 ||     2
  Use: Scroll            |       |    11 |       |    11 ||    22
       Potion            |       |       |     2 |       ||     2
 Stab: Sleeping          |     5 |     5 |       |       ||    10
Armor: Skin              |    27 |    31 |    21 |    44 ||   123
Dodge: Dodged            |    55 |    51 |    80 |   110 ||   296
